 Dungeon Crawl Stone Soup version 0.29.1-15-g9cfb28693d (webtiles) character file.

Game seed: 10796768451356725386

8710 javelincjr the Destroyer (level 11, -15/83 HPs)
             Began as a Gnoll Conjurer on Apr 9, 2023.
             Was a Believer of Sif Muna.
             Killed by an exploding vampire mosquito (40 damage)
             ... ignited by their inner flame
             ... on level 10 of the Dungeon.
             The game lasted 00:44:37 (11177 turns).

javelincjr the Destroyer (Gnoll Conjurer)          Turns: 11177, Time: 00:44:38

Health: -15/83     AC:  7    Str:  8    XL:     11   Next: 35%
Magic:  12/32      EV: 13    Int: 20    God:    Sif Muna [**....]
Gold:   539        SH: 11    Dex: 11    Spells: 7/26 levels left

rFire   . . .      SeeInvis .   t - +4 dagger (venom)
rCold   . . .      Faith    .   y - +2 kite shield
rNeg    . . .      Spirit   .   (no body armour)
rPois   .          Reflect  .   (no helmet)
rElec   .          Harm     .   D - +0 cloak
rCorr   .          Rampage  .   u - +1 pair of gloves
Will    .....                   (no boots)
Stlth   +++.......              n - amulet of magic regeneration
HPRegen 0.23/turn               c - +4 ring of protection
MPRegen 0.63/turn               A - ring of magical power

@: corroded
A: fangs 1, strong nose, distributed training, iridescent scales 2
a: Renounce Religion, Channel Magic


You were on level 10 of the Dungeon.
You worshipped Sif Muna.
Sif Muna was pleased with you.
You visited 2 branches of the dungeon, and saw 11 of its levels.

You collected 599 gold pieces.
You spent 60 gold pieces at shops.

Inventory:

Hand Weapons
 d - a +3 dagger of electrocution
 q - a +3 hand axe
 t - a +4 dagger of venom (weapon)
 w - a +1 vorpal spear
 R - a +2 shortbow of flaming
Armour
 a - a +0 robe
 k - +0 steam dragon scales
 r - a +1 ring mail of fire resistance
 u - a +1 pair of gloves (worn)
 y - a +2 kite shield (worn)
 B - a +0 tower shield
 D - a +0 cloak (worn)
 O - a +0 troll leather armour
 T - +0 acid dragon scales
Jewellery
 c - a +4 ring of protection (left hand)
 n - an amulet of magic regeneration (around neck)
 p - a ring of protection from fire
 A - a ring of magical power (right hand)
 E - an amulet of the acrobat
 G - a +6 ring of intelligence
 U - an amulet of reflection
Wands
 s - a wand of flame (11)
 F - a wand of roots (9)
 H - a wand of quicksilver (6)
 K - a wand of mindburst (14)
Scrolls
 e - 3 scrolls of enchant weapon
 l - 2 scrolls of silence
 m - 4 scrolls of blinking
 v - a scroll of magic mapping
 x - 2 scrolls of amnesia
 I - a scroll of teleportation {unknown}
 M - a scroll of brand weapon
 P - 2 scrolls of identify
 Q - a scroll of poison {unknown}
 S - a scroll of torment {unknown}
Potions
 b - 3 potions of magic
 f - 3 potions of heal wounds
 g - 2 potions of mutation
 h - a potion of brilliance
 i - a potion of cancellation
 j - 3 potions of ambrosia
 o - a potion of might
 z - 3 potions of berserk rage
 C - 4 potions of curing
 J - a potion of haste {unknown}
 L - a potion of flight {unknown}
 N - 2 potions of lignification {unknown}


   Skills:
 + Level 6.4 Fighting
 + Level 6.4 Short Blades
 + Level 6.4 Long Blades
 + Level 6.4 Axes
 + Level 6.4 Maces & Flails
 + Level 6.4 Polearms
 + Level 6.4 Staves
 + Level 6.4 Ranged Weapons
 + Level 6.4 Throwing
 + Level 6.4 Armour
 + Level 8.0 Dodging
 + Level 7.8 Stealth
 + Level 6.4 Shields
 + Level 6.4 Unarmed Combat
 + Level 8.2 Spellcasting
 + Level 9.0 Conjurations
 + Level 5.3 Hexes
 + Level 5.3 Summonings
 + Level 5.3 Necromancy
 + Level 5.3 Translocations
 + Level 5.3 Transmutations
 + Level 5.3 Fire Magic
 + Level 5.3 Ice Magic
 + Level 5.3 Air Magic
 + Level 5.3 Earth Magic
 + Level 5.3 Poison Magic
 + Level 7.1 Invocations
 + Level 6.4 Evocations


You had 7 spell levels left.
You knew the following spells:

 Your Spells              Type           Power      Damage    Failure   Level
a - Magic Dart            Conj           100%       1d8       1%          1
b - Searing Ray           Conj           88%        2d7       1%          2
c - Inner Flame           Hex/Fire       29%        N/A       7%          3
d - Fulminant Prism       Conj/Hex       18%        3d11      11%         4
e - Iskenderun's Mystic   Conj/Tloc      37%        2d9       11%         4
f - Ensorcelled Hibernat  Hex/Ice        58%        N/A       3%          2
g - Call Canine Familiar  Summ           29%        N/A       7%          3

Your spell library contained the following spells:

 Spells                   Type           Power      Damage    Failure   Level
 Summon Small Mammal      Summ           100%       N/A       2%          1
 Dazzling Flash           Conj/Hex       74%        N/A       3%          3
 Spider Form              Tmut/Pois      29%        N/A       7%          3
 Summon Guardian Golem    Hex/Summ       29%        N/A       7%          3
 Anguish                  Hex/Necr       14%        N/A       24%         4
 Cause Fear               Hex            14%        N/A       24%         4
 Discord                  Hex            14%        N/A       100%        8


Dungeon Overview and Level Annotations

Branches:
Dungeon (10/15)            Temple (1/1) D:6
   Lair: D:8-11         Orc: D:9-12

Altars:
Ashenzari
Cheibriados
Dithmenos
Elyvilon
Fedhas
Gozag
Hepliaklqana
Kikubaaqudgha
Makhleb
Nemelex Xobeh
Okawaru
Qazlal
Ru
Sif Muna
Trog
Uskayaw
Vehumet
Wu Jian
Xom
Yredelemnul
Zin
The Shining One

Shops:
D:2 *   D:7 *   D:10 [

Annotations:
D:6 3 runed translucent doors, Calibrex's ghost, novice MiFi
D:8 2 transporters, Ihaveafatcat's ghost, novice MiFi
D:10 1 runed translucent door


Innate Abilities, Weirdness & Mutations

You have very sharp teeth.
Your uncanny sense of smell can sniff out nearby items.
Your experience applies equally to all skills.
You are mostly covered in iridescent scales. (AC +4)


Message History

Your fulminant prism detonates feebly.
Casting: Fulminant Prism (dangerous; 11% risk of failure)
Confirm with . or Enter, or press ? or * to list all spells.
Aiming: Fulminant Prism (dangerous; 11% risk of failure)
Press: ? - help, Dir - move target You conjure a prism of explosive energy!
A fulminant prism comes into view.
The acid dragon bites your fulminant prism!
Your fulminant prism detonates feebly.
Casting: Fulminant Prism (dangerous; 11% risk of failure)
Confirm with . or Enter, or press ? or * to list all spells.
Aiming: Inner Flame (dangerous; 7% risk of failure)
Press: ? - help, Dir - move target, f - vampire mosquito
Aim: a vampire mosquito (lightly damaged, chance to affect: 83%)
The vampire mosquito is filled with an inner flame.
You are too injured to fight recklessly!
Casting: Inner Flame (dangerous; 7% risk of failure)
Confirm with . or Enter, or press ? or * to list all spells.
Aiming: Magic Dart (safe; 1% risk of failure)
Press: ? - help, Shift-Dir - straight line, f/p - vampire mosquito
Aim: a vampire mosquito (lightly damaged, inner flame, 100% to hit)
The magic dart hits the vampire mosquito.
Flame seeps out of the vampire mosquito.
The vampire mosquito is lightly damaged.
The vampire mosquito is engulfed in blazing flames.
Flame seeps out of the vampire mosquito.
The vampire mosquito is engulfed in blazing flames.
Flame seeps out of the vampire mosquito.
You block the vampire mosquito's attack.
The vampire mosquito is engulfed in blazing flames.
Flame seeps out of the vampire mosquito.
You block the vampire mosquito's attack.
Casting: Magic Dart (safe; 1% risk of failure)
Confirm with . or Enter, or press ? or * to list all spells.
You erupt in a blast of force!
The mystic blast hits the vampire mosquito!
Sif Muna accepts your kill.
The vampire mosquito explodes!
The fiery explosion engulfs you!!!
You die...

#######.#####.# #.# #.# #.# #.#
#.# #.# #.# #.# #.# #.# #.# #.#
#.# #.# #.# #.# #.# #.# #.# #.#
#.# #.#
#######.#####.######.######.#####
..............§§§....<...........
#######........§@>.########......
#.....§☼§....# #......
#...###D☼....# #...>..
#..##.'#§##### #...... #.##...###
#...... ###...# #...... ....#
#...... ....# #...... ....
#......


You could see an acid dragon.

Vanquished Creatures
  A two-headed ogre (D:9)
  A cyclops (D:7)
  A kobold demonologist (D:9)
  A troll (D:9)
  Grinder (D:6)
  A wraith (D:9)
  2 vampires (D:10)
  2 wyverns
  15 yaks
  A steam dragon (D:6)
  A vampire mosquito (D:10)
  Menkaure (D:7)
  Duvessa (D:5)
  2 acid dragons (D:10)
  2 orc warriors
  2 ice beasts (D:5)
  A sky beast (D:7)
  A black bear (D:6)
  2 centaurs
  2 phantoms (D:5)
  3 bullfrogs
  A necrophage (D:7)
  5 scorpions
  3 gnoll sergeants
  3 wights (D:6)
  Dowan (D:5)
  7 killer bees (D:9)
  2 electric eels (D:8)
  6 howler monkeys
  7 orc priests
  A gnoll bouda (D:5)
  5 hounds
  2 jellies
  Jessica (D:3)
  4 iguanas
  11 orc wizards
  13 gnolls
  4 adders
  3 shadow imps
  3 white imps
  An ufetubus (D:4)
  3 worms
  2 dart slugs
  55 orcs
  3 bats
  10 endoplasms
  4 goblins
  2 hobgoblins
  4 quokkas
  6 ball pythons
  6 frilled lizards
  6 kobolds
  4 rats
232 creatures vanquished.

Vanquished Creatures (others)
  23 fulminant prisms
  2 plants (D:3)
25 creatures vanquished.

Grand Total: 257 creatures vanquished

Notes
Turn   | Place    | Note
-------+----------+-------------------------------------------
     0 | D:1      | javelincjr the Gnoll Conjurer began the quest for the Orb.
     0 | D:1      | Reached XP level 1. HP: 13/13 MP: 6/6
   140 | D:1      | Reached XP level 2. HP: 19/19 MP: 3/7
   691 | D:2      | Found a faded altar of an unknown god.
   697 | D:2      | Reached skill level 5 in Spellcasting
   697 | D:2      | Reached XP level 3. HP: 24/25 MP: 2/9
   699 | D:2      | Prayed at the altar of an unknown god.
   699 | D:2      | Became a worshipper of the Shining One
   699 | D:2      | Reached * piety under the Shining One
   889 | D:2      | Reached skill level 1 in Invocations
  1069 | D:2      | Reached skill level 1 in Fighting
  1069 | D:2      | Reached skill level 1 in Short Blades
  1069 | D:2      | Reached skill level 1 in Long Blades
  1069 | D:2      | Reached skill level 1 in Axes
  1069 | D:2      | Reached skill level 1 in Maces & Flails
  1069 | D:2      | Reached skill level 1 in Polearms
  1069 | D:2      | Reached skill level 1 in Staves
  1069 | D:2      | Reached skill level 1 in Ranged Weapons
  1069 | D:2      | Reached skill level 1 in Throwing
  1069 | D:2      | Reached skill level 1 in Armour
  1069 | D:2      | Reached skill level 1 in Shields
  1069 | D:2      | Reached skill level 1 in Unarmed Combat
  1069 | D:2      | Reached skill level 1 in Evocations
  1348 | D:2      | Found Vyos Gel's Assorted Antiques.
  1356 | D:2      | Bought an emerald potion for 19 gold pieces
  1356 | D:2      | Bought a scroll labelled HOOFIE LUDY for 22 gold pieces
  1356 | D:2      | Bought an emerald potion for 19 gold pieces
  1688 | D:3      | Reached XP level 4. HP: 32/32 MP: 9/11
  1825 | D:3      | Noticed Jessica
  1828 | D:3      | Killed Jessica
  1829 | D:3      | Reached skill level 1 in Hexes
  1829 | D:3      | Reached skill level 1 in Summonings
  1829 | D:3      | Reached skill level 1 in Necromancy
  1829 | D:3      | Reached skill level 1 in Translocations
  1829 | D:3      | Reached skill level 1 in Transmutations
  1829 | D:3      | Reached skill level 1 in Fire Magic
  1829 | D:3      | Reached skill level 1 in Ice Magic
  1829 | D:3      | Reached skill level 1 in Air Magic
  1829 | D:3      | Reached skill level 1 in Earth Magic
  1829 | D:3      | Reached skill level 1 in Poison Magic
  2047 | D:3      | Found a transporter.
  2144 | D:3      | Found a transporter.
  2312 | D:3      | Reached XP level 5. HP: 13/37 MP: 0/12
  2842 | D:3      | Learned a level 2 spell: Searing Ray
  2975 | D:4      | Reached ** piety under the Shining One
  3000 | D:4      | Reached XP level 6. HP: 30/44 MP: 2/14
  3174 | D:4      | Reached skill level 5 in Dodging
  3469 | D:4      | Gained mutation: You are partially covered in iridescent
                  | scales. (AC +2) [potion of mutation]
  3469 | D:4      | Gained mutation: You are mostly covered in iridescent
                  | scales. (AC +4) [potion of mutation]
  3537 | D:4      | Found a shadowy altar of Dithmenos.
  3771 | D:4      | Reached XP level 7. HP: 49/50 MP: 4/15
  4159 | D:5      | Entered Level 5 of the Dungeon
  4331 | D:5      | Noticed Duvessa
  4341 | D:5      | Noticed Dowan
  4342 | D:5      | Killed Duvessa
  4343 | D:5      | Reached skill level 5 in Stealth
  4500 | D:5      | Killed Dowan
  4649 | D:5      | Reached XP level 8. HP: 58/58 MP: 8/16
  5407 | D:5      | Found a snail-covered altar of Cheibriados.
  5407 | D:5      | Found a white marble altar of Elyvilon.
  5451 | D:6      | Noticed Calibrex's ghost (novice MiFi)
  5451 | D:6      | Found a runed translucent gate.
  5451 | D:6      | Found a runed translucent gate.
  5451 | D:6      | Found a runed translucent gate.
  5778 | D:6      | Reached XP level 9. HP: 56/65 MP: 3/18
  5936 | D:6      | Found a staircase to the Ecumenical Temple.
  5936 | D:6      | Noticed Grinder
  5942 | D:6      | Paralysed by Grinder for 5 turns
  5950 | D:6      | Reached *** piety under the Shining One
  5953 | D:6      | Killed Grinder
  5954 | D:6      | Reached skill level 8 in Conjurations
  6099 | D:6      | Learned a level 3 spell: Inner Flame
  6673 | Temple   | Entered the Ecumenical Temple
  6736 | Temple   | Fell from the grace of the Shining One
  6736 | Temple   | Became a worshipper of Sif Muna the Loreminder
  6950 | D:7      | Noticed Menkaure
  7112 | D:7      | Killed Menkaure
  7113 | D:7      | Reached skill level 5 in Invocations
  7607 | D:7      | Found Xiojogea's Elemental Accessories.
  7782 | D:7      | Noticed a cyclops
  7786 | D:7      | Killed a cyclops
  7787 | D:7      | Reached skill level 5 in Fighting
  7787 | D:7      | Reached skill level 5 in Short Blades
  7787 | D:7      | Reached skill level 5 in Long Blades
  7787 | D:7      | Reached skill level 5 in Axes
  7787 | D:7      | Reached skill level 5 in Maces & Flails
  7787 | D:7      | Reached skill level 5 in Polearms
  7787 | D:7      | Reached skill level 5 in Staves
  7787 | D:7      | Reached skill level 5 in Ranged Weapons
  7787 | D:7      | Reached skill level 5 in Throwing
  7787 | D:7      | Reached skill level 5 in Armour
  7787 | D:7      | Reached skill level 5 in Shields
  7787 | D:7      | Reached skill level 5 in Unarmed Combat
  7787 | D:7      | Reached skill level 5 in Evocations
  7787 | D:7      | Reached XP level 10. HP: 74/74 MP: 20/20
  7880 | D:7      | Learned a level 4 spell: Fulminant Prism
  7885 | D:7      | Learned a level 4 spell: Iskenderun's Mystic Blast
  8268 | D:8      | Reached * piety under Sif Muna
  8329 | D:8      | Found a transporter.
  8329 | D:8      | Noticed Ihaveafatcat's ghost (novice MiFi)
  8555 | D:8      | Found a transporter.
  8894 | D:9      | Noticed a two-headed ogre
  8942 | D:9      | Killed a two-headed ogre
  9130 | D:9      | Noticed a kobold demonologist
  9142 | D:9      | Killed a kobold demonologist
  9622 | D:9      | Found a transporter.
  9810 | D:9      | Found a transporter.
  9812 | D:9      | Found a transporter.
  9950 | D:9      | Found a transporter.
 10313 | D:10     | Entered Level 10 of the Dungeon
 10313 | D:10     | Found a runed translucent door.
 10371 | D:10     | Reached ** piety under Sif Muna
 10372 | D:10     | Reached skill level 5 in Hexes
 10372 | D:10     | Reached skill level 5 in Summonings
 10372 | D:10     | Reached skill level 5 in Necromancy
 10372 | D:10     | Reached skill level 5 in Translocations
 10372 | D:10     | Reached skill level 5 in Transmutations
 10372 | D:10     | Reached skill level 5 in Fire Magic
 10372 | D:10     | Reached skill level 5 in Ice Magic
 10372 | D:10     | Reached skill level 5 in Air Magic
 10372 | D:10     | Reached skill level 5 in Earth Magic
 10372 | D:10     | Reached skill level 5 in Poison Magic
 10378 | D:10     | Reached XP level 11. HP: 81/81 MP: 11/22
 10499 | D:10     | Learned a level 2 spell: Ensorcelled Hibernation
 10633 | D:10     | Reached skill level 9 in Conjurations
 10757 | D:10     | Found Wot Goiff's Antique Armour Emporium.
 10777 | D:10     | Learned a level 3 spell: Call Canine Familiar
 10894 | D:10     | Found a runed translucent door.
 11086 | D:10     | Noticed a two-headed ogre
 11177 | D:10     | Killed by an exploding vampire mosquito... ignited by their
                  | inner flame

Illustrated notes

Levels and vault maps discovered:
D:1:      onia_arrival_pentagram, layout_rooms
D:2:      layout_rooms, serial_shops, shop, nicolae_ecumenical_oubliette,
          nrook_loot_triangle, nicolae_figureground_pulse
D:3:      gammafunk_wand_slinger, layout_loops_corners, uniq_jessica
D:4:      layout_rooms, grunt_dithmenos_smoke_and_mirrors,
          hangedman_decor_riveting, kennysheep_opposing_triangles
D:5:      layout_rooms, amethyst_overflow_temple_binary, uniq_duvessa
D:6:      layout_cave_pools, minmay_temple_entry_junction,
          gammafunk_ghost_necromancy, serial_park_tiny_1, uniq_grinder
D:7:      layout_loops_ring, serial_co_window_serial, co_window_paths_a,
          co_window_corner_a, co_window_paths_a, co_window_cross_1,
          co_window_paths_a, co_window_of_opportunity_c,
          co_window_of_opportunity_c, co_window_unsneaky_path_b,
          glass_columns_a, glass_columns_c, glass_columns_b,
          nicolae_elemental_shop, uniq_menkaure
D:8:      layout_cave_pools, gammafunk_ghost_stat_death, minivault_14
D:9:      layout_irregular_city, nicolae_diode_intersection
D:10:     cheibrodos_histonic, layout_small_grid, serial_shops, shop, uniq_grum
Temple:   nicolae_temple_bog_church

Skill      XL: |  1  2  3  4  5  6  7  8  9 10 11 |
---------------+----------------------------------+-----
Spellcasting   | 5 6 7 8 |  8.2
Invocations    | 1 2 3 4 5 6 7 |  7.1
Fighting       | 1 2 3 5 6 |  6.4
Short Blades   | 1 2 3 5 6 |  6.4
Long Blades    | 1 2 3 5 6 |  6.4
Axes           | 1 2 3 5 6 |  6.4
Maces & Flails | 1 2 3 5 6 |  6.4
Polearms       | 1 2 3 5 6 |  6.4
Staves         | 1 2 3 5 6 |  6.4
Ranged Weapons | 1 2 3 5 6 |  6.4
Throwing       | 1 2 3 5 6 |  6.4
Armour         | 1 2 3 5 6 |  6.4
Shields        | 1 2 3 5 6 |  6.4
Unarmed Combat | 1 2 3 5 6 |  6.4
Evocations     | 1 2 3 5 6 |  6.4
Hexes          | 1 2 3 4 5 |  5.3
Summonings     | 1 2 3 4 5 |  5.3
Necromancy     | 1 2 3 4 5 |  5.3
Translocations | 1 2 3 4 5 |  5.3
Transmutations | 1 2 3 4 5 |  5.3
Fire Magic     | 1 2 3 4 5 |  5.3
Ice Magic      | 1 2 3 4 5 |  5.3
Air Magic      | 1 2 3 4 5 |  5.3
Earth Magic    | 1 2 3 4 5 |  5.3
Poison Magic   | 1 2 3 4 5 |  5.3
Dodging        | 5 6 7 8 |  8.0
Stealth        | 5 6 7 |  7.8
Conjurations   | 8 9 |  9.0

Action                   |  1- 3 |  4- 6 |  7- 9 | 10-12 || total
-------------------------+-------+-------+-------+-------++-------
Melee: Dagger            |       |    43 |    65 |    18 ||   126
       Bite              |       |    11 |     6 |     2 ||    19
       Punch             |       |     2 |       |       ||     2
 Cast: Magic Dart        |    77 |    71 |   155 |   132 ||   435
       Searing Ray       |       |     9 |    46 |     4 ||    59
       Inner Flame       |       |       |     2 |    28 ||    30
       Iskenderun's Myst |       |       |       |    41 ||    41
       Fulminant Prism   |       |       |       |    23 ||    23
       Call Canine Famil |       |       |       |     3 ||     3
  Use: Scroll            |       |     8 |    10 |       ||    18
       Potion            |       |     2 |       |       ||     2
Armor: Robe              |     5 |     4 |       |       ||     9
       Ring mail         |       |    42 |    36 |       ||    78
       Steam dragon scal |       |       |    32 |     9 ||    41
       Skin              |       |       |       |     5 ||     5
Dodge: Dodged            |     3 |    59 |    95 |    30 ||   187
Block: Kite shield       |       |       |    11 |    40 ||    51
